 Dungeon Crawl Stone Soup version 0.22-a0-422-g9628fc8 (webtiles) character file.

8341 Megalobster the Cleaver (level 11, -5/94 HPs)
             Began as a White Draconian Berserker on May 20, 2018.
             Was a High Priest of Trog.
             Slain by a komodo dragon (9 damage)
             ... on level 11 of the Dungeon.
             The game lasted 00:35:35 (9121 turns).

Megalobster the Cleaver (White Draconian Berserker) Turns: 9121, Time: 00:35:36

Health: -5/94      AC:  9    Str: 23    XL:     11   Next: 8%
Magic:  14/14      EV: 15    Int:  7    God:    Trog [*****.]
Gold:   573        SH:  0    Dex: 11    Spells: 10/10 levels left

rFire    . . .     SeeInvis .   G - +3 hand axe (elec)
rCold    + . .     Gourm    +   (no shield)
rNeg     . . .     Faith    .   (armour unavailable)
rPois    +         Spirit   .   (helmet restricted)
rElec    .         Reflect  .   y - +0 cloak
rCorr    .         Harm     .   w - +0 pair of gloves
MR       ++...                  (no boots)
Stlth    +.........             t - amulet of the gourmand
HPRegen  1.25/turn              T - ring of poison resistance
MPRegen  0.14/turn              N - +3 ring of slaying

@: regenerating, slowed, drained, very slow
A: breathe frost, unfitting armour, cold resistance 1, cold-blooded, AC +7
a: Breathe Frost, Berserk, Trog's Hand, Brothers in Arms, Renounce Religion


You were on level 11 of the Dungeon.
You worshipped Trog.
Trog was extremely pleased with you.
You were very full.

You visited 2 branches of the dungeon, and saw 11 of its levels.

You collected 573 gold pieces.

Inventory:

Hand Weapons
 r - a +0 hunting sling
 x - a +0 war axe
 B - a +0 blowgun
 G - a +3 hand axe of electrocution (weapon)
Missiles
 f - 58 poisoned needles
 j - 317 stones (quivered)
 n - 12 tomahawks
 O - 9 curare-tipped needles {!f}
 P - 42 sling bullets
Armour
 w - a +0 pair of gloves (worn)
 y - a +0 cloak (worn)
Jewellery
 m - a +5 ring of dexterity
 t - an amulet of the gourmand (around neck)
 N - a +3 ring of slaying (right hand)
 T - a ring of poison resistance (left hand)
Wands
 a - a wand of acid (15)
 I - a wand of flame (38)
 M - a wand of iceblast (8)
 Q - a wand of digging (10)
 R - a wand of paralysis (11)
Scrolls
 d - 3 scrolls of blinking
 e - 3 scrolls of remove curse {@r2}
 k - a scroll of identify {@r1}
 l - a scroll of fog {unknown}
 p - 4 scrolls of enchant armour
 s - a scroll of immolation {unknown}
 F - a scroll of fear {unknown}
 H - 2 scrolls of teleportation
 S - 2 scrolls of brand weapon
Potions
 c - a potion of haste
 g - a potion of mutation {unknown}
 h - a potion of berserk rage {unknown}
 i - a potion of ambrosia {unknown}
 o - a potion of invisibility {unknown}
 q - a potion of curing {@q1}
 u - 3 potions of might
 z - 4 potions of flight
 A - 3 potions of heal wounds
 C - 4 potions of agility
 E - a potion of lignification {unknown}
 J - 2 potions of degeneration
 K - a potion of brilliance {unknown}
 L - a potion of cancellation {unknown}
Comestibles
 b - 22 rations
 V - 4 chunks of flesh


   Skills:
 + Level 8.2(7.8) Fighting
 * Level 11.8(11.3) Axes
 + Level 5.8(5.4) Throwing
 + Level 6.8(6.4) Dodging
 + Level 5.0(4.6) Evocations


You had 10 spell levels left.
You didn't know any spells.
Your spell library was empty.

Dungeon Overview and Level Annotations

Branches:
Dungeon (9/15)             Temple (1/1) D:7             Orc (0/2) D:9
   Lair: D:8-11

Altars:
Cheibriados
Elyvilon
Fedhas
Gozag
Hepliaklqana
Okawaru
Sif Muna
Uskayaw
Xom
Yredelemnul
Zin
The Shining One

Annotations:
D:11 Sonja


Innate Abilities, Weirdness & Mutations

You can breathe waves of freezing cold.
You can buffet flying creatures when you breathe cold.
Your icy white scales are hard. (AC +7)
You cannot fit into any form of body armour.
Your flesh is cold resistant. (rC+)
You are cold-blooded and may be slowed by cold attacks.


Message History

You hit the komodo dragon.
The komodo dragon is almost dead.
The komodo dragon bites you but does no damage.
You hit the komodo dragon.
The komodo dragon is almost dead.
The komodo dragon closely misses you.
You hit the komodo dragon.
The komodo dragon is almost dead.
The komodo dragon bites you.
* * * LOW HITPOINT WARNING * * *
You take 3 damage, and have 20/94 hp.
Your skin crawls.
You feel resistant to hostile enchantments.
The komodo dragon bites you!!
* * * LOW HITPOINT WARNING * * *
You take 18 damage, and have 2/94 hp.
You closely miss the komodo dragon.
The komodo dragon is almost dead.
The komodo dragon bites you!
You die...

.......#
.......#
#.....#
.......#
##.....#
.......#####
......#
.........)..
#.....#
.......#####
#.....#
.......#
#.....#
.......#
#.....#
##.#####
#.l@..# #.#
##.#### #.##
###.# # #..#
#...#.# ##.#
#.#.#.#
###'####
#.#...#
.......#
#.#.###
.......#
#.#...#
.......+
+.###.#


You could see a komodo dragon.

Vanquished Creatures
  2 two-headed ogres
  The ghost of Gorglomux the Fighter, a novice MiBe of Trog (D:8)
  A centaur skeleton (D:11)
  Prince Ribbit (D:7)
  A hippogriff (D:9)
  A spriggan (D:8)
  6 yaks (D:9)
  Eustachio (D:6)
  A wraith (D:11)
  Sigmund (D:3)
  A wyvern (D:11)
  A steam dragon (D:9)
  Menkaure (D:6)
  Duvessa (D:6)
  3 ice beasts
  2 orc warriors (D:8)
  2 sky beasts
  3 ogres
  2 phantoms
  4 centaurs
  A crocodile (D:7)
  A big kobold (D:8)
  4 bullfrogs
  A water moccasin zombie (D:5)
  Dowan (D:6)
  4 killer bees (D:6)
  3 scorpions
  4 wights (D:6)
  4 howler monkeys
  2 crimson imps
  A centaur zombie (D:5)
  A bullfrog zombie (D:6)
  6 orc priests
  5 hounds
  Crazy Yiuf (D:2)
  A bullfrog skeleton (D:9)
  A jelly (D:11)
  4 orc wizards
  A gnoll shaman (D:6)
  An iguana (D:8)
  10 worker ants
  2 hound zombies
  2 hound skeletons
  3 worker ant zombies
  6 gnolls
  14 adders
  2 shadow imps
  2 adder skeletons
  6 worms
  3 dart slugs
  4 leopard geckos
  27 orcs
  8 bats
  6 giant cockroaches
  11 goblins
  13 hobgoblins
  28 jackals
  15 kobolds
  7 quokkas
  4 ball pythons
  6 frilled lizards
  A jackal skeleton (D:4)
  2 leopard gecko skeletons
  2 quokka skeletons
  A quokka zombie (D:8)
  6 rats
274 creatures vanquished.

Notes
Turn   | Place    | Note
-------+----------+-------------------------------------------
     0 | D:1      | Megalobster the Draconian Berserker began the quest for the Orb.
     0 | D:1      | Reached XP level 1. HP: 19/19 MP: 1/1
    82 | D:1      | Reached XP level 2. HP: 23/26 MP: 2/2
   336 | D:1      | Reached skill level 4 in Axes
   444 | D:1      | Reached ** piety under Trog
   467 | D:1      | Reached XP level 3. HP: 31/31 MP: 3/3
   788 | D:2      | You fall through a shaft for 2 floors!
   917 | D:4      | Reached skill level 5 in Axes
   917 | D:4      | Reached XP level 4. HP: 19/38 MP: 4/4
  1120 | D:4      | Reached XP level 5. HP: 45/45 MP: 5/5
  1125 | D:4      | Reached skill level 6 in Axes
  2095 | D:2      | Reached XP level 6. HP: 51/51 MP: 6/6
  2437 | D:2      | Reached skill level 7 in Axes
  2654 | D:2      | Found an opulent altar of Gozag.
  2691 | D:2      | Found a shimmering altar of Xom.
  2808 | D:2      | Reached *** piety under Trog
  3006 | D:2      | Found a runed door.
  3046 | D:2      | Noticed Crazy Yiuf
  3062 | D:2      | Killed Crazy Yiuf
  3421 | D:3      | Noticed Sigmund
  3439 | D:3      | Killed Sigmund
  3444 | D:3      | Your scales start taking on an icy white colour.
  3444 | D:3      | Reached XP level 7. HP: 53/59 MP: 7/7
  3444 | D:3      | Gained mutation: Your flesh is cold resistant. (rC+) [White Draconian growth]
  3459 | D:3      | HP: 2/59 [orc priest/divine providence (13)]
  3848 | D:3      | Found an opulent altar of Gozag.
  3873 | D:3      | Found a deep blue altar of Sif Muna.
  4184 | D:4      | Found a white marble altar of Elyvilon.
  4187 | D:4      | Found a glowing silver altar of Zin.
  4253 | D:4      | Reached **** piety under Trog
  4320 | D:4      | Reached skill level 8 in Axes
  4325 | D:4      | Reached skill level 1 in Throwing
  4555 | D:4      | Found a snail-covered altar of Cheibriados.
  4767 | D:5      | Entered Level 5 of the Dungeon
  4822 | D:5      | Reached XP level 8. HP: 33/67 MP: 8/8
  4825 | D:5      | Reached skill level 5 in Fighting
  5032 | D:5      | Found a hide-covered altar of Uskayaw.
  5116 | D:5      | Reached skill level 9 in Axes
  5747 | D:6      | Noticed Dowan
  5750 | D:6      | Noticed Duvessa
  5759 | D:6      | Killed Dowan
  5760 | D:6      | Killed Duvessa
  5809 | D:6      | Reached XP level 9. HP: 75/75 MP: 9/9
  5913 | D:6      | Reached skill level 5 in Dodging
  5957 | D:6      | Reached skill level 1 in Evocations
  6304 | D:6      | Noticed Menkaure
  6305 | D:6      | Killed Menkaure
  6313 | D:6      | Reached skill level 10 in Axes
  6372 | D:6      | Noticed Eustachio
  6380 | D:6      | Killed Eustachio
  6550 | D:6      | Found a basalt altar of Yredelemnul.
  6741 | D:7      | Noticed Prince Ribbit
  6749 | D:7      | Killed Prince Ribbit
  6870 | D:7      | Found a staircase to the Ecumenical Temple.
  6879 | Temple   | Entered the Ecumenical Temple
  7013 | D:7      | Received a gift from Trog
  7145 | D:7      | Reached ***** piety under Trog
  7482 | D:8      | Noticed a two-headed ogre
  7488 | D:8      | Killed a two-headed ogre
  7488 | D:8      | Reached XP level 10. HP: 64/86 MP: 12/12
  7817 | D:8      | Noticed Gorglomux's ghost (novice MiBe)
  7866 | D:8      | Killed Gorglomux's ghost
  7866 | D:8      | Reached skill level 11 in Axes
  7866 | D:8      | Reached skill level 5 in Throwing
  8103 | D:8      | Noticed a two-headed ogre
  8279 | D:9      | Noticed a two-headed ogre
  8289 | D:9      | Killed a two-headed ogre
  8289 | D:9      | Received a gift from Trog
  8522 | D:9      | Found a hazy altar of Hepliaklqana.
  8565 | D:9      | Found a staircase to the Orcish Mines.
  8845 | D:9      | Reached XP level 11. HP: 70/94 MP: 14/14
  8958 | D:9      | You fall through a shaft for 2 floors!
  9044 | D:11     | Noticed Sonja
  9109 | D:11     | Reached skill level 5 in Evocations
  9120 | D:11     | HP: 2/94 [komodo dragon (20)]
  9121 | D:11     | Slain by a komodo dragon

Vault maps used:
D:1:      mrwooster_arrival_statue
D:2:      minmay_diamond_boxcup, marbit_many_paths, lemuel_doored_altar,
          uniq_crazy_yiuf_cottage
D:3:      lemuel_round_altar, first_ration,
          nicolae_gozag_cash_rules_everything_around_me, uniq_sigmund
D:4:      cheibriados_altar_1, nicolae_overflow_hidden_temple
D:5:      eat_drink_and_be_merry_uskayaw, serial_glass, glass_columns_c,
          glass_columns_a
D:6:      kennysheep_mini_moat, uniq_menkaure, uniq_eustachio, uniq_duvessa
D:7:      statuecave_lemuel, minmay_temple_entry_butterflies,
          uniq_prince_ribbit1
D:8:      the_bakery
D:9:      lemuel_crystal_altar, minmay_misc_feat_tower
D:11:     uniq_sonja
Temple:   dshaligram_water_room_temple

Skill      XL: |  1  2  3  4  5  6  7  8  9 10 11 |
---------------+----------------------------------+-----
Axes           | 4 5 6 7 8 9 10 11 | 11.8
Dodging        | 3 4 5 6 |  6.8
Fighting       | 4 5 7 8 |  8.2
Throwing       | 1 3 4 5 |  5.8
Evocations     | 3 4 5 |  5.0

Action                   |  1- 3 |  4- 6 |  7- 9 | 10-12 || total
-------------------------+-------+-------+-------+-------++-------
Melee: Hand axe          |    91 |   116 |   329 |   160 ||   696
       Tailslap          |    12 |    31 |    58 |    28 ||   129
       War axe           |       |    88 |    26 |       ||   114
Throw: Stone             |       |     3 |    40 |    32 ||    75
Invok: Berserk           |     1 |     5 |     8 |     4 ||    18
       Trog's Hand       |       |     1 |     6 |     5 ||    12
 Abil: Breathe Frost     |       |       |    17 |     7 ||    24
  Use: Potion            |       |       |     2 |     1 ||     3
       Scroll            |       |       |     9 |     5 ||    14
 Stab: Sleeping          |       |     4 |     1 |       ||     5
  Eat: Chunk             |     1 |    21 |    26 |    13 ||    61
Armor: Skin              |    41 |    50 |    87 |    34 ||   212
Dodge: Dodged            |    62 |   151 |   198 |    95 ||   506

Table legend:
 A = Spawn XP
 B = Non-spawn XP
 C = Spawn XP percentage of total XP
 D = Spawn monster count
 E = Non-spawn monster count
 F = Spawn count percentage of total count
 G = Total turns spent on level
                    A         B        C        D         E        F      G
               +---------+---------+-------+---------+---------+-------+---------
         Total |       0 |   11917 |   0.0 |       0 |     274 |   0.0 |  9121
               +---------+---------+-------+---------+---------+-------+---------
           D:1 |       0 |      46 |   0.0 |       0 |      27 |   0.0 |   775
           D:2 |       0 |     171 |   0.0 |       0 |      35 |   0.0 |  1651
           D:3 |       0 |     506 |   0.0 |       0 |      36 |   0.0 |  1111
           D:4 |       0 |     534 |   0.0 |       0 |      33 |   0.0 |  1413
           D:5 |       0 |    1251 |   0.0 |       0 |      34 |   0.0 |   778
           D:6 |       0 |    1835 |   0.0 |       0 |      33 |   0.0 |   971
           D:7 |       0 |     761 |   0.0 |       0 |      18 |   0.0 |   700
           D:8 |       0 |    3122 |   0.0 |       0 |      33 |   0.0 |   860
           D:9 |       0 |    2810 |   0.0 |       0 |      19 |   0.0 |   691
          D:11 |       0 |     881 |   0.0 |       0 |       6 |   0.0 |   163
               +---------+---------+-------+---------+---------+-------+---------
